 Dungeon Crawl Stone Soup version 0.30-a0-722-g3e6e8c874d (webtiles) character file.

Game seed: 6351976703773878413

54 Dittersdorf the Shield-Bearer (level 3, -1/24 HPs)
             Began as a Gargoyle Fighter on Jan 27, 2023.
             Slain by a hobgoblin (5 damage)
             ... led by Robin
             ... on level 2 of the Dungeon.
             The game lasted 00:01:01 (1010 turns).

Dittersdorf the Shield-Bearer (Gargoyle Fighter)    Turns: 1010, Time: 00:01:01

Health: -1/24      AC: 10    Str: 21    XL:     3   Next: 91%
Magic:  3/3        EV: 24    Int:  8    God:
Gold:   74         SH:  4    Dex:  9    Spells: 2/2 levels left

rFire   . . .      SeeInvis .    a - +0 flail
rCold   . . .      Faith    .    c - +0 buckler
rNeg    + . .      Spirit   .    b - +0 scale mail
rPois   ∞          Reflect  .    (no helmet)
rElec   +          Harm     .    (no cloak)
rCorr   .          Rampage  .    (no gloves)
Will    .....                    (no boots) Stlth
                                 l - amulet of the acrobat
HPRegen 0.24/turn                (no ring)
MPRegen 0.08/turn                (no ring)

@: acrobatic
A: sickness immunity, AC +3, negative energy resistance 1, electricity
resistance, torment resistance 1, petrification resistance
a: no special abilities


You were on level 2 of the Dungeon.
You visited 1 branch of the dungeon, and saw 2 of its levels.

You collected 74 gold pieces.

Inventory:

Hand Weapons
 a - a +0 flail (weapon)
Missiles
 f - 2 poisoned darts (quivered)
Armour
 b - a +0 scale mail (worn)
 c - a +0 buckler (worn)
Jewellery
 l - an amulet of the acrobat (around neck)
 n - a +6 ring of dexterity
Scrolls
 e - a scroll of acquirement {unknown}
 g - 2 scrolls of identify {unknown}
 h - a scroll of enchant armour {unknown}
 i - 2 scrolls of teleportation {unknown}
 k - 3 scrolls of fog {unknown}
Potions
 d - a potion of might
 j - a potion of flight {unknown}
 m - a potion of curing {unknown}


   Skills:
 + Level 3.8 Fighting
 + Level 2.6 Maces & Flails
 + Level 3.8 Armour
 + Level 3.8 Shields


You had 2 spell levels left.
You didn't know any spells.
Your spell library contained the following spells:

 Spells                   Type           Power      Damage    Failure   Level
 Beastly Appendage        Tmut           0%         N/A       83%         1
 Wereblood                Tmut           0%         N/A       92%         2
 Spider Form              Tmut/Pois      0%         N/A       99%         3


Dungeon Overview and Level Annotations

Branches:
Dungeon (2/15)

Altars:


Innate Abilities, Weirdness & Mutations

You are immune to sickness and miasma.
Your stone body is resilient. (AC +3)
You are immune to poison.
You resist negative energy. (rN+)
You are resistant to electric shocks. (rElec)
You are resistant to unholy torment.
You are immune to petrification.


Message History

You block the hobgoblin's attack. The goblin hits you but does no damage.
You sock the hobgoblin!
You kill the hobgoblin!
The hobgoblin completely misses you. The hobgoblin closely misses you.
The hobgoblin barely misses you. The goblin hits you with a +0 club.
You block the hobgoblin's attack. The hobgoblin barely misses you. x3
You are too injured to fight recklessly!
You are too injured to fight recklessly!
You are too injured to fight recklessly!
You are too injured to fight recklessly!
You are too injured to fight recklessly!
You are too injured to fight recklessly!
You are too injured to fight recklessly!
You are too injured to fight recklessly!
You are too injured to fight recklessly!
The hobgoblin attacks as you move away!
The hobgoblin hits you but does no damage.
The hobgoblin attacks as you move away! The hobgoblin barely misses you.
The goblin misses you.
Things that are here:
a +0 dagger; a +1 dagger of draining The hobgoblin attacks as you move away!
The hobgoblin completely misses you.
The goblin unwields a +0 club.
The goblin wields a +0 sling.
The goblin shoots a sling bullet.
The sling bullet closely misses you.
You see here 14 gold pieces.
You closely miss the hobgoblin. The hobgoblin barely misses you.
You barely miss the hobgoblin. You block the hobgoblin's attack.
The hobgoblin hits you.
You completely miss the hobgoblin.
The goblin no longer looks unusually strong.
The hobgoblin hits you.
* * * LOW HITPOINT WARNING * * *
You sock the hobgoblin!
You kill the hobgoblin!
The hobgoblin hits you.
* * * LOW HITPOINT WARNING * * *
The hobgoblin closely misses you. The hobgoblin attacks as you move away!
The hobgoblin closely misses you. The hobgoblin hits you.
You die...

.. ... ..... >. #.###.#####
...... ## #.#[......# ####.##. ..
......###.######...)....#### #.
....................)#...... ##.
###.##.##.###.#............. ...
#.##.##.# #....##))<...... ...
#.##.##.###.#.gggg....#######.#
#.##.##.....#.@####...... ....#
###........##.#..# #..### #.#.#
#.......#####.#..#####..# #.#..
...........##...........# #....
#.#..#..##.####..#.###..# #.#..
#.#..#..##.####..#.# #..# #.#..
#.#..#.....#.....#.# #..# #.#..
..#..#.....).......###..#####.#(.
........##.#.##..####...#........


You could see 3 hobgoblins and a goblin.

Vanquished Creatures
  Robin (D:2)
  An adder (D:2)
  3 dart slugs (D:1)
  A ball python (D:2)
  A bat (D:1)
  3 endoplasms
  5 goblins
  4 hobgoblins
  3 jackals (D:2)
  2 quokkas (D:1)
  A kobold (D:2)
  A rat (D:1)
26 creatures vanquished.

Vanquished Creatures (others)
  A goblin (D:2)
1 creature vanquished.

Grand Total: 27 creatures vanquished

Notes
Turn   | Place    | Note
-------+----------+-------------------------------------------
     0 | D:1      | Dittersdorf the Gargoyle Fighter began the quest for the
                  | Orb.
     0 | D:1      | Reached XP level 1. HP: 14/14 MP: 1/1
    85 | D:1      | Reached XP level 2. HP: 14/19 MP: 2/2
   838 | D:2      | Identified the +7 spear of Wizarding Destruction {heavy,
                  | *Slow +Blink Fly rC+++}
   921 | D:2      | Reached XP level 3. HP: 21/24 MP: 3/3
   989 | D:2      | Noticed Robin
  1000 | D:2      | Killed Robin
  1010 | D:2      | Slain by a hobgoblin

Illustrated notes

Levels and vault maps discovered:
D:1:      minmay_arrival_hallway, layout_basic, st_stairs_1,
          serial_bayou_lagoon_b
D:2:      layout_basic, uniq_robin

Action                     || total
---------------------------++-------
  Melee: Flail             ||    93
 Armour: Scale mail        ||    72
  Dodge: Dodged            ||    77
  Block: Buckler           ||    35

Table legend: (Time is in decaauts)
 A = Elapsed time spent in this place.
 B = Non-inter-level travel time spent in this place.
 C = Inter-level travel time spent in this place.
 D = Time resting spent in this place.
 E = Time spent auto-exploring this place.
 F = Levels seen in this place.
 G = Mean time per level.
                   A        B        C        D        E       F      G
               +--------+--------+--------+--------+--------+-----+--------+
         Total |   1059 |   1018 |     41 |     38 |    770 |   2 |  529.5 |
       Dungeon |   1059 |   1018 |     41 |     38 |    770 |   2 |  529.5 |
               +--------+--------+--------+--------+--------+-----+--------+

Top non-repeatable levels by time:
     D:1: 796 daAuts
     D:2: 262 daAuts
